 Dungeon Crawl Stone Soup version 0.29-a0-110-g189f89ecda (webtiles) character file.

Game seed: 254783155376792793

21460 Gargoyl the Cleaver (level 12, -2/77 HPs)
             Began as a Gargoyle Abyssal Knight on Feb 17, 2022.
             Was a High Priest of Lugonu.
             Slain by a killer bee (7 damage)
             ... on level 2 of the Lair of Beasts.
             The game lasted 00:17:28 (11233 turns).

Gargoyl the Cleaver (Gargoyle Abyssal Knight)      Turns: 11233, Time: 00:17:29

Health: -2/77      AC: 32    Str: 25 (29) XL:     12   Next: 90%
Magic:  26/26      EV: 10    Int:  8 (10) God:    Lugonu [*****.]
Gold:   1247       SH:  0    Dex: 10      Spells: 11/11 levels left

rFire   . . .      SeeInvis +   a - +3 hand axe (vamp)
rCold   . . .      Faith    .   (no shield)
rNeg    + . .      Spirit   .   o - +8 chain mail "Zibunly" {*Slow rElec SInv}
rPois   ∞          Reflect  .   k - +1 helmet
rElec   +          Harm     .   (no cloak)
rCorr   .          Rampage  .   c - +0 pair of gloves
Will    .....                   (no boots)
Stlth   ..........              d - amulet of regeneration
HPRegen 1.02/turn               m - ring of magical power
MPRegen 0.20/turn               x - +6 ring of strength

@: about to teleport
A: sickness immunity, AC +8, negative energy resistance 1, electricity
resistance, torment resistance 1, petrification resistance, deterioration 1
a: Renounce Religion, Depart the Abyss, Bend Space, Banish, Corrupt, Enter the
Abyss


You were on level 2 of the Lair of Beasts.
You worshipped Lugonu.
Lugonu was extremely pleased with you.
You visited 2 branches of the dungeon, and saw 13 of its levels.
You visited the Abyss 1 time.

You collected 1247 gold pieces.

Inventory:

Hand Weapons
 a - a +3 vampiric hand axe (weapon)
 f - a +4 falchion
 g - a +6 dire flail of holy wrath
Missiles
 h - 48 poisoned darts (quivered)
Armour
 c - a +0 pair of gloves (worn)
 k - a +1 helmet (worn)
 o - the +8 chain mail "Zibunly" (worn) {*Slow rElec SInv}
   (You found it on level 5 of the Dungeon)

   rElec:     It insulates you from electricity.
   SInv:      It lets you see invisible.
   *Slow:     It may slow you when you take damage.
Jewellery
 d - an amulet of regeneration (around neck)
 m - a ring of magical power (left hand)
 x - a +6 ring of strength (right hand)
Wands
 e - a wand of polymorph (5)
 n - a wand of flame (44)
 r - a wand of digging (2)
 s - a wand of acid (13)
Scrolls
 l - 12 scrolls of identify
 p - a scroll of magic mapping
 v - 4 scrolls of teleportation
 w - a scroll of fog
 y - a scroll of blinking
 A - a scroll of fear
 B - a scroll of holy word {unknown}
Potions
 b - a potion of resistance
 i - 2 potions of haste
 j - a potion of lignification
 q - 3 potions of brilliance
 t - 3 potions of flight
 u - 4 potions of curing
 z - 3 potions of ambrosia


   Skills:
 + Level 10.1 Fighting
 + Level 12.4 Axes
 + Level 0.6(8.7) Maces & Flails
 + Level 4.1 Throwing
 + Level 11.0 Armour
 + Level 4.6 Dodging
 + Level 1.7 Stealth
 * Level 7.4 Invocations


You had 11 spell levels left.
You didn't know any spells.
Your spell library contained the following spells:

 Spells                   Type           Power      Damage    Failure   Level
 Animate Skeleton         Necr           0%         N/A       90%         1
 Pain                     Necr           0%         1d4       90%         1
 Shock                    Conj/Air       0%         1d3       90%         1
 Corpse Rot               Necr/Air       0%         N/A       97%         2
 Swiftness                Air            0%         N/A       99%         3
 Vampiric Draining        Necr           0%         2d6       99%         3
 Airstrike                Air            0%         N/A       100%        4
 Dispel Undead            Necr           0%         3d6       100%        4
 Leda's Liquefaction      Hex/Erth       0%         N/A       100%        4
 Lee's Rapid Deconstruct  Erth           0%         3d5*      100%        5
 Death Channel            Necr           0%         N/A       100%        6
 Statue Form              Tmut/Erth      Unusable   N/A       N/A         6

Dungeon Overview and Level Annotations

Branches:
Dungeon (11/15)            Temple (0/1) D:4            Lair (2/6) D:11
  Swamp: Lair:2-4    Shoals: Lair:2-4     Snake: Lair:2-4    Spider: Lair:2-4
    Orc: D:9-12

Altars:
Ashenzari
Dithmenos
Hepliaklqana
Makhleb
Nemelex Xobeh
Okawaru
Sif Muna
Vehumet
Wu Jian
Yredelemnul
Zin


Innate Abilities, Weirdness & Mutations

You are immune to sickness and miasma.
Your stone body is resilient. (AC +8)
You are immune to poison.
You resist negative energy. (rN+)
You are resistant to electric shocks. (rElec)
You are resistant to unholy torment.
You are immune to petrification.
Your body sometimes deteriorates upon taking damage.


Message History

You hear an angry buzzing noise. x2
You hear an angry buzzing noise.
The killer bee barely misses you. The killer bee stings you!
* * * LOW HITPOINT WARNING * * *
The killer bee barely misses you.
The killer bee stings you but does no damage.
You hear an angry buzzing noise.
The killer bee stings you but does no damage.
The killer bee barely misses you. The killer bee closely misses you.
The killer bee stings you but does no damage.
The killer bee misses you.
The killer bee rages.
The killer bee stings you but does no damage.
The killer bee looks more energetic.
The killer bee is no longer berserk.
The killer bee closely misses you.
The killer bee stings you but does no damage. x3
You feel better. The killer bee closely misses you.
The killer bee barely misses you.
The killer bee stings you but does no damage.
The killer bee completely misses you.
The killer bee stings you but does no damage. x4
The killer bee stings you but does no damage.
The killer bee rages.
The killer bee barely misses you.
The killer bee stings you but does no damage. x3
The killer bee stings you!
* * * LOW HITPOINT WARNING * * *
Unknown command.
As you read the scroll of teleportation, it crumbles to dust.
You feel strangely unstable.
The killer bee is no longer berserk.
The killer bee closely misses you. The killer bee barely misses you.
The killer bee stings you but does no damage.
The killer bee stings you.
* * * LOW HITPOINT WARNING * * *
The killer bee stings you.
* * * LOW HITPOINT WARNING * * *
The killer bee misses you.
The killer bee stings you but does no damage.
The killer bee stings you!
You die...

...........).#...###.......#
....P#..#.........###y....y#
.P#######...††..#...y......#
.####........†......yy##....
.. .P.#...†.........>..#...y
................#......##...
. .............yyy.....# .#
. ....!.......yyyy....##
.#..........#@yy...##
##....##.##.####### #....
###### ...... ..##... .!
##.#


You could see a queen bee and 12 killer bees.

Vanquished Creatures
  4 two-headed ogres
  Urug (Lair:1)
  Pikel (D:6)
  A cyclops (D:9)
  2 orc sorcerers
  Joseph (D:9)
  A centaur zombie (D:10)
  A black mamba (Lair:1)
  6 cane toads
  A gargoyle (D:11)
  A rime drake (Lair:2)
  A komodo dragon (Lair:2)
  3 trolls
  5 blink frogs (Lair:2)
  A raiju (shapeshifter) (D:9)
  2 shadows
  Eustachio (D:5)
  5 wyverns
  17 yaks
  A wraith (D:10)
  2 basilisks (D:11)
  Grum (D:9)
  Edmund (D:3)
  3 acid dragons
  9 water moccasins
  Duvessa (D:6)
  3 orc warriors
  2 hornet zombies
  2 sky beasts (D:5)
  5 black bears
  2 necrophages
  6 wolves
  2 ogres
  A boggart (shapeshifter) (D:9)
  2 centaurs
  4 kobold brigands (D:9)
  2 wyvern zombies
  4 bullfrogs
  Blork the orc (D:6)
  A scorpion (D:6)
  A wyvern skeleton (D:6)
  Dowan (D:6)
  11 killer bees (Lair:2)
  9 wights
  A howler monkey (D:9)
  2 orc priests
  A hound (D:6)
  2 centaur skeletons
  A gnoll shaman (D:9)
  2 bullfrog skeletons
  An iguana (D:11)
  6 orc wizards
  A centaur simulacrum (D:9)
  3 howler monkey zombies
  5 adders
  A shadow imp (D:6)
  A white imp (D:7)
  An ufetubus (D:6)
  2 worms (D:2)
  4 dart slugs
  38 orcs
  5 ball pythons
  3 endoplasms
  5 giant cockroaches
  10 goblins
  8 hobgoblins
  6 kobolds
  3 quokkas
  7 bats
  3 frilled lizards
  2 rats
256 creatures vanquished.

Vanquished Creatures (others)
  An orc sorcerer (D:9)
  11 fungi
  16 plants
28 creatures vanquished.

Grand Total: 284 creatures vanquished

Notes
Turn   | Place    | Note
-------+----------+-------------------------------------------
     0 | Abyss:1  | Gargoyl the Gargoyle Abyssal Knight began the quest for the
                  | Orb.
     0 | Abyss:1  | Reached XP level 1. HP: 14/14 MP: 2/2
     0 | D:1      | Escaped the Abyss
   222 | D:1      | Reached XP level 2. HP: 11/20 MP: 3/3
   798 | D:1      | Reached skill level 2 in Axes
  1028 | D:2      | Reached * piety under Lugonu
  1029 | D:2      | Reached XP level 3. HP: 24/24 MP: 4/4
  1487 | D:2      | Reached XP level 4. HP: 16/29 MP: 5/5
  2041 | D:3      | Found a hazy altar of Hepliaklqana.
  2212 | D:3      | Reached skill level 3 in Axes
  2212 | D:3      | Reached skill level 1 in Dodging
  2212 | D:3      | Reached XP level 5. HP: 34/34 MP: 6/6
  2738 | D:4      | Reached ** piety under Lugonu
  2747 | D:4      | Found a sparkling altar of Nemelex Xobeh.
  2747 | D:4      | Found a shadowy altar of Dithmenos.
  2807 | D:4      | Found a staircase to the Ecumenical Temple.
  2865 | D:4      | Noticed Edmund
  2892 | D:4      | Noticed an ogre
  2906 | D:3      | Killed Edmund
  2907 | D:3      | Reached skill level 4 in Axes
  2907 | D:3      | Reached XP level 6. HP: 28/40 MP: 7/7
  3157 | D:4      | Reached skill level 1 in Throwing
  3166 | D:5      | Entered Level 5 of the Dungeon
  3189 | D:5      | Reached skill level 5 in Fighting
  3189 | D:5      | Reached XP level 7. HP: 34/44 MP: 8/8
  3273 | D:5      | Found a radiant altar of Vehumet.
  3306 | D:5      | Identified the +8 chain mail "Zibunly" {*Slow rElec SInv}
  3528 | D:5      | Identified the +1 ring mail of the Trombone {rCorr}
  3542 | D:5      | Noticed Eustachio
  3571 | D:5      | Reached skill level 5 in Axes
  3613 | D:5      | Killed Eustachio
  3614 | D:5      | Reached XP level 8. HP: 45/50 MP: 9/9
  3685 | D:6      | Noticed a two-headed ogre
  3700 | D:6      | Killed a two-headed ogre
  3701 | D:6      | Reached skill level 6 in Axes
  3701 | D:6      | Reached skill level 5 in Armour
  3943 | D:6      | Noticed Blork the orc
  3948 | D:6      | Reached skill level 7 in Axes
  3971 | D:6      | Killed Blork the orc
  3972 | D:6      | Reached XP level 9. HP: 55/55 MP: 10/10
  4080 | D:6      | Noticed Duvessa
  4081 | D:6      | Noticed Dowan
  4093 | D:6      | Killed Dowan
  4108 | D:6      | Killed Duvessa
  4225 | D:6      | Noticed Pikel
  4258 | D:6      | Killed Pikel
  4353 | D:6      | Reached skill level 8 in Axes
  4472 | D:6      | Found an ornate altar of the Wu Jian Council.
  4671 | D:7      | Found a flagged portal.
  4883 | D:7      | Reached *** piety under Lugonu
  4985 | D:7      | Found an iron altar of Okawaru.
  5096 | D:7      | Found a basalt altar of Yredelemnul.
  5167 | D:7      | Reached XP level 10. HP: 61/61 MP: 11/11
  5250 | D:7      | Identified a scroll of acquirement
  5250 | D:7      | Acquired 414 gold pieces
  5496 | D:8      | Reached skill level 9 in Axes
  5604 | D:8      | Found a broken altar of Ashenzari.
  6584 | D:9      | Noticed Grum
  6622 | D:8      | Reached skill level 1 in Stealth
  6764 | D:9      | Killed Grum
  6893 | D:9      | Noticed an orc sorcerer
  6893 | D:9      | Noticed a cyclops
  6893 | D:9      | Paralysed by an orc sorcerer for 3 turns
  6893 | D:9      | Noticed an orc sorcerer
  6895 | D:9      | Noticed a salamander
  6895 | D:9      | Noticed an orc sorcerer
  6930 | D:9      | Paralysed by an orc sorcerer for 2 turns
  6936 | D:9      | Paralysed by an orc sorcerer for 7 turns
  6946 | D:9      | Noticed a sun demon
  6951 | D:9      | Noticed a smoke demon
  6997 | D:8      | Noticed a sixfirhy
  7010 | D:8      | Paralysed by an orc sorcerer for 4 turns
  7015 | D:8      | Killed an orc sorcerer
  7070 | D:9      | Noticed a sun demon
  7070 | D:9      | Killed an orc sorcerer
  7071 | D:9      | Reached skill level 10 in Axes
  7117 | D:9      | Killed a cyclops
  7293 | D:9      | Reached XP level 11. HP: 68/68 MP: 12/12
  7355 | D:9      | Paralysed by an orc sorcerer for 7 turns
  7373 | D:9      | Killed an orc sorcerer
  7378 | D:9      | Reached **** piety under Lugonu
  7446 | D:9      | Found a shimmering blue altar of Sif Muna.
  7849 | D:9      | Identified the +8 war axe of Articulation {holy, Str+8
                  | Stlth-}
  7956 | D:9      | Noticed Joseph
  7973 | D:9      | Killed Joseph
  8028 | D:9      | Noticed a seven-headed hydra
  8041 | D:9      | Banished a seven-headed hydra
  8412 | D:10     | Entered Level 10 of the Dungeon
  8489 | D:10     | Reached skill level 11 in Axes
  8569 | D:10     | Noticed a two-headed ogre
  8632 | D:10     | Killed a two-headed ogre
  8836 | D:10     | Found a glowing silver altar of Zin.
  9012 | D:11     | Gained mutation: Your body sometimes deteriorates upon
                  | taking damage. [potion of mutation]
  9196 | D:11     | Noticed a two-headed ogre
  9215 | D:11     | Killed a two-headed ogre
  9363 | D:11     | Found a staircase to the Lair.
  9380 | D:11     | Reached XP level 12. HP: 74/76 MP: 15/15
  9392 | D:11     | Reached skill level 10 in Armour
  9403 | D:11     | Reached ***** piety under Lugonu
  9417 | D:11     | Reached skill level 5 in Invocations
  9455 | D:11     | Noticed a two-headed ogre
  9463 | D:11     | Killed a two-headed ogre
  9889 | Lair:1   | Entered Level 1 of the Lair of Beasts
 10000 | Lair:1   | Noticed Urug
 10021 | Lair:1   | Killed Urug
 10247 | Lair:1   | Found a burning altar of Makhleb.
 10292 | Lair:1   | Reached skill level 12 in Axes
 10735 | Lair:2   | Noticed an eight-headed hydra
 10910 | D:11     | Banished a nine-headed hydra
 11030 | Lair:2   | Reached skill level 10 in Fighting
 11233 | Lair:2   | Slain by a killer bee

Illustrated notes

Levels and vault maps discovered:
D:1:      dpeg_arrival_round_c, layout_basic, serial_glass, glass_columns_a,
          glass_columns_b, minmay_strange_pillars, item_on_display_a
D:2:      layout_basic
D:3:      layout_loops_cross, worldfamousw_hep_ancestral_shrine
D:4:      layout_cave_pools, chequers_temple_overflow_statue_of_worship,
          minmay_temple_entry_statues_pillars, uniq_edmund
D:5:      layout_rooms, vehumet_altar_wand_db, uniq_eustachio
D:6:      layout_loops_ring, nzn_wu_jian_contemplation, hangedman_decor_push,
          grunt_ministairs_3, nicolae_water_bricks, uniq_blork_the_orc,
          uniq_pikel, uniq_duvessa
D:7:      layout_basic, mainiacjoe_overflow_surrounded_room,
          yredelemnul_altar_generic, enter_bailey_5
D:8:      layout_loops_corners, nicolae_ashenzari_panopticon
D:9:      minmay_the_grid_3x2 [minmay_the_grid_embedded,
          minmay_the_grid_medium_cups, minmay_the_grid_x, minmay_the_grid_fan,
          minmay_the_grid_tri_star, minmay_the_grid_prize_shrinking_boxes],
          layout_layer_cave, nicolae_overflow_hidden_temple, uniq_joseph,
          uniq_grum
D:10:     layout_big_octagon, zin_academy
D:11:     layout_stronghold, minmay_lair_entry_grove
Lair:1:   layout_roguey, basic_altar, serial_bayou_shore_b, uniq_urug
Lair:2:   layout_misc_corridors, special_room [special_room_bee]

Skill      XL: |  1  2  3  4  5  6  7  8  9 10 11 12 |
---------------+-------------------------------------+-----
Axes           | 2 3 4 5 7 8 10 11 12 | 12.4
Fighting       | 4 5 6 8 9 10 | 10.1
Armour         | 3 4 5 6 8 9 11 | 11.0
Dodging        | 1 2 3 4 |  4.6
Throwing       | 1 2 3 4 |  4.1
Stealth        | 1 |  1.7
Invocations    | 4 7 |  7.4
Maces & Flails | |  0.6

Action                   |  1- 3 |  4- 6 |  7- 9 | 10-12 || total
-------------------------+-------+-------+-------+-------++-------
Melee: Hand axe          |   123 |   129 |   289 |   917 ||  1458
       Punch             |     3 |     3 |     5 |    20 ||    31
       Dire flail        |       |     4 |       |       ||     4
Throw: Dart              |       |     9 |    23 |    17 ||    49
Invok: Depart the Abyss  |     1 |       |       |       ||     1
       Bend Space        |       |     3 |       |     7 ||    10
       Banish            |       |       |       |     7 ||     7
  Use: Scroll            |     3 |     8 |     3 |    11 ||    25
       Potion            |       |     1 |       |     5 ||     6
 Stab: Confused          |       |       |       |     2 ||     2
Armor: Scale mail        |    97 |    73 |    31 |       ||   201
       Chain mail        |       |       |   350 |   962 ||  1312
Dodge: Dodged            |    63 |    86 |   228 |   607 ||   984

Table legend: (Time is in decaauts)
 A = Elapsed time spent in this place.
 B = Non-inter-level travel time spent in this place.
 C = Inter-level travel time spent in this place.
 D = Time resting spent in this place.
 E = Time spent auto-exploring this place.
 F = Levels seen in this place.
 G = Mean time per level.
                   A        B        C        D        E       F      G
               +--------+--------+--------+--------+--------+-----+--------+
         Total |  11040 |  10694 |    346 |    176 |   7596 |  14 |  788.6 |
       Dungeon |   9874 |   9566 |    308 |    150 |   6917 |  11 |  897.6 |
          Lair |   1166 |   1128 |     38 |     26 |    678 |   2 |  583.0 |
         Abyss |      0 |      0 |      0 |      0 |      0 |   1 |    0.0 |
               +--------+--------+--------+--------+--------+-----+--------+

Top non-repeatable levels by time:
     D:9: 1549 daAuts
     D:8: 1342 daAuts
     D:1: 1014 daAuts
     D:6: 969 daAuts
    D:11: 922 daAuts
     D:2: 868 daAuts
  Lair:1: 851 daAuts
     D:7: 799 daAuts
     D:3: 753 daAuts
     D:4: 582 daAuts
    D:10: 573 daAuts
     D:5: 499 daAuts
  Lair:2: 315 daAuts
